 Dungeon Crawl Stone Soup version 0.22.1-1-ga44c0e56f4 (webtiles) character file.

3572 Boostio the Poker (level 9, -3/79 HPs)
             Began as a Pale Draconian Berserker on Sept 26, 2018.
             Was an Elder of Trog.
             Slain by an unseen horror (7 damage)
             ... on level 10 of the Dungeon on Sept 27, 2018.
             The game lasted 00:41:38 (6261 turns).

Boostio the Poker (Pale Draconian Berserker)        Turns: 6261, Time: 00:41:39

Health: -3/79      AC:  7    Str: 21    XL:     9   Next: 84%
Magic:  8/8        EV: 13    Int: 11    God:    Trog [****..]
Gold:   412        SH: 13    Dex: 11    Spells: 8/8 levels left

rFire    . . .     SeeInvis .   d - +2 spear (flame)
rCold    . . .     Gourm    .   h - +3 shield
rNeg     . . .     Faith    .   (armour unavailable)
rPois    .         Spirit   .   (helmet restricted)
rElec    .         Reflect  .   (no cloak)
rCorr    .         Harm     .   (no gloves)
MR       .....                  (no boots)
Stlth    ++........             (no amulet)
HPRegen  0.23/turn              j - +4 ring of intelligence
MPRegen  0.11/turn              (no ring)

@: berserk cooldown, slowed, very slow
A: breathe steam, unfitting armour, clumsy 1, low mp 1, evolution 1,
cold-blooded, AC +7
a: Breathe Steam, Berserk, Trog's Hand, Brothers in Arms, Renounce Religion


You were on level 10 of the Dungeon.
You worshipped Trog.
Trog was greatly pleased with you.
You were very hungry.

You visited 2 branches of the dungeon, and saw 11 of its levels.

You collected 412 gold pieces.

Inventory:

Hand Weapons
 d - a +2 spear of flaming (weapon)
 f - a +0 hunting sling
 q - a +0 rapier
Missiles
 e - a throwing net (quivered)
 g - 193 stones
Armour
 c - a +0 large shield
 h - a +3 shield (worn)
Jewellery
 j - a +4 ring of intelligence (left hand)
 l - an uncursed amulet of faith
 t - a +1 ring of protection {unknown}
Wands
 p - a wand of digging (13)
 r - a wand of acid (2)
 s - a wand of paralysis (22)
 u - a wand of polymorph (7)
Scrolls
 m - 3 scrolls of teleportation
 n - a scroll of fog {unknown}
 o - a scroll of random uselessness {unknown}
Potions
 a - a potion of curing
 i - a potion of resistance
 k - a potion of lignification {unknown}
Comestibles
 b - 8 rations


   Skills:
 + Level 7.0 Fighting
   Level 3.5 Maces & Flails
 + Level 7.8 Polearms
 + Level 2.1 Throwing
 + Level 6.5 Dodging
 + Level 2.4 Stealth
 + Level 6.5 Shields


You had 8 spell levels left.
You didn't know any spells.
Your spell library was empty.

Dungeon Overview and Level Annotations

Branches:
Dungeon (10/15)            Temple (1/1) D:6
   Lair: D:8-11         Orc: D:9-12

Altars:
Ashenzari
Cheibriados
Dithmenos
Elyvilon
Fedhas
Gozag
Hepliaklqana
Kikubaaqudgha
Makhleb
Nemelex Xobeh
Okawaru
Qazlal
Ru
Sif Muna
Trog
Uskayaw
Vehumet
Wu Jian
Yredelemnul
Zin

Annotations:
D:8 Gastronok


Innate Abilities, Weirdness & Mutations

You can breathe blasts of scalding, opaque steam.
Your pale cyan-grey scales are hard. (AC +7)
You cannot fit into any form of body armour.
You are cold-blooded and may be slowed by cold attacks.
You are clumsy. (Dex -2)
Your magical capacity is low. (-10% MP)
You evolve.


Message History

Trog accepts your kill. Something hits you but does no damage.
Deactivating autopickup; reactivate with Ctrl-A.
Something hits you but does no damage.
You feel a strong urge to attack something.
You block something's attack. Something hits you.
* * * LOW HITPOINT WARNING * * *
You feel your anger nearly subside.
You are no longer berserk.
You are exhausted.
You feel yourself slow down.
Found 13 gold pieces.
Found an escape hatch in the ceiling.
Throwing (i - inventory. (/) - cycle)
e - 2 throwing nets (quivered)
Press: ? - help, Shift-Dir - straight line You throw a throwing net.
The throwing net hits the orc.
The orc is caught in the net!
Something hits you!
* * * LOW HITPOINT WARNING * * *
The orc struggles against the net.
Something hits you!
You die...

.$. ..# #.. ..# . .
#.#####.# ##. . #.#..
... ... .< ###.#.###.#
#.# ... ......##.#
#.##... #.#..##.#
#......
#@...oo)####?.....
........#..##†...)......
......#<#..##.####...$..
#...###.#..##.####......
#.. #.........##.##.##
## ####.####.##.# .# #.#
#.##.# # #.# #.# #.##.%
... #.. #.####


You could see 2 orcs.

Vanquished Creatures
  Harold (D:8)
  A two-headed ogre (D:8)
  Edmund (D:6)
  An orc warrior (D:10)
  A sky beast (D:8)
  3 ogres
  2 black bears (D:6)
  A necrophage (D:3)
  A centaur (D:8)
  4 bullfrogs
  3 scorpions
  3 killer bees (D:9)
  A howler monkey (D:9)
  2 crimson imps
  A centaur zombie (D:8)
  2 hounds
  2 jellies (D:9)
  3 orc wizards
  2 iguanas
  A centaur skeleton (D:8)
  5 worker ants
  9 gnolls
  10 adders
  3 shadow imps
  4 worms
  2 dart slugs (D:2)
  A leopard gecko (D:6)
  19 orcs
  4 ball pythons
  4 giant cockroaches
  6 goblins
  4 hobgoblins
  4 jackals
  3 quokkas
  8 bats
  6 frilled lizards
  2 kobolds
  7 rats
137 creatures vanquished.

Notes
Turn   | Place    | Note
-------+----------+-------------------------------------------
     0 | D:1      | Boostio the Draconian Berserker began the quest for the
                  | Orb.
     0 | D:1      | Reached XP level 1. HP: 19/19 MP: 1/1
   137 | D:1      | Reached XP level 2. HP: 20/26 MP: 2/2
   582 | D:2      | Found a snail-covered altar of Cheibriados.
   617 | D:2      | Reached XP level 3. HP: 30/33 MP: 3/3
   735 | D:2      | Reached XP level 4. HP: 30/40 MP: 4/4
   998 | D:2      | Reached ** piety under Trog
  1227 | D:3      | Reached skill level 1 in Polearms
  1432 | D:3      | Reached XP level 5. HP: 33/47 MP: 5/5
  1591 | D:3      | Noticed a necrophage
  1597 | D:3      | Killed a necrophage
  1597 | D:3      | Reached skill level 1 in Throwing
  1597 | D:3      | Reached skill level 1 in Shields
  1631 | D:3      | Reached XP level 6. HP: 50/53 MP: 6/6
  1866 | D:3      | Found a glowing silver altar of Zin.
  1866 | D:3      | Noticed an angel
  2043 | D:5      | Entered Level 5 of the Dungeon
  2389 | D:5      | Reached *** piety under Trog
  2555 | D:6      | Your scales start taking on a pale cyan-grey colour.
  2555 | D:6      | Reached XP level 7. HP: 60/60 MP: 7/7
  2587 | D:6      | Reached skill level 5 in Fighting
  2895 | D:6      | Noticed Edmund
  2921 | D:6      | Killed Edmund
  2921 | D:6      | Reached skill level 5 in Polearms
  3499 | D:6      | Found a staircase to the Ecumenical Temple.
  3524 | D:6      | Reached skill level 1 in Stealth
  3546 | Temple   | Entered the Ecumenical Temple
  3716 | D:6      | Reached XP level 8. HP: 69/69 MP: 8/8
  4108 | D:7      | Found a basalt altar of Yredelemnul.
  4108 | D:7      | Found a sacrificial altar of Ru.
  4282 | D:8      | Noticed a two-headed ogre
  4320 | D:8      | HP: 3/103 [two-headed ogre/giant spiked club (11)]
  4321 | D:8      | Killed a two-headed ogre
  4321 | D:8      | Reached skill level 5 in Dodging
  4634 | D:8      | Reached XP level 9. HP: 51/75 MP: 9/9
  4863 | D:8      | Noticed Harold
  4904 | D:8      | Killed Harold
  4904 | D:8      | Reached skill level 5 in Shields
  4919 | D:8      | Reached **** piety under Trog
  5154 | D:8      | Noticed Gastronok
  5760 | D:9      | Noticed a troll
  5847 | D:9      | Gained mutation: You are clumsy. (Dex -2) [potion of
                  | mutation]
  5847 | D:9      | Gained mutation: Your magical capacity is low. (-10% MP)
                  | [potion of mutation]
  5847 | D:9      | Gained mutation: You evolve. [potion of mutation]
  6048 | D:10     | Entered Level 10 of the Dungeon
  6260 | D:10     | HP: 3/79 [something (7)]
  6261 | D:10     | Slain by an unseen horror

Skill      XL: |  1  2  3  4  5  6  7  8  9 |
---------------+----------------------------+-----
Dodging        | 3 4 5 6 |  6.5
Fighting       | 4 5 6 7 |  7.0
Polearms       | 2 4 5 6 7 |  7.8
Throwing       | 1 2 |  2.1
Shields        | 1 2 3 4 6 |  6.5
Stealth        | 1 2 |  2.4
Maces & Flails | |  3.5

Action                   |  1- 3 |  4- 6 |  7- 9 || total
-------------------------+-------+-------+-------++-------
Melee: Mace              |     9 |       |       ||     9
       Tailslap          |     7 |    19 |    52 ||    78
       Spear             |    63 |   184 |   347 ||   594
Throw: Stone             |       |    25 |       ||    25
       Tomahawk          |       |     1 |    13 ||    14
       Throwing net      |       |       |     1 ||     1
Invok: Berserk           |     1 |       |     3 ||     4
 Abil: Breathe Steam     |       |       |     1 ||     1
  Use: Scroll            |     2 |     1 |     7 ||    10
       Potion            |       |       |     3 ||     3
 Stab: Sleeping          |       |       |     1 ||     1
  Eat: Ration            |     1 |     1 |     4 ||     6
Armor: Skin              |    17 |    59 |    51 ||   127
Dodge: Dodged            |    40 |    76 |   105 ||   221
Block: Shield            |    13 |    71 |   183 ||   267
